 Dungeon Crawl Stone Soup version 0.20-a0-463-g5747544 (webtiles) character file.

35 AlphabetPasta the Skirmisher (level 3, -1/17 HPs)
             Began as a Felid Abyssal Knight on Jan 10, 2017.
             Was a Follower of Lugonu.
             Slain by a quokka (5 damage)
             ... on level 2 of the Dungeon.
             The game lasted 00:04:56 (1295 turns).

AlphabetPasta the Skirmisher (Felid Abyssal Knight) Turns: 1295, Time: 00:04:57

Health: -1/17      AC:  1    Str:  8    XL:     3   Next: 16%
Magic:  5/5        EV: 18    Int: 18    God:    Lugonu [*.....]
Gold:   62         SH:  3    Dex: 16    Spells: 2/2 levels left
                                        Lives:  0   Deaths: 0

rFire  . . .     SeeInvis +       - Unarmed
rCold  . . .     Gourm    .     (armour unavailable)
rNeg   . . .     Faith    .     (shield unavailable)
rPois  .         Spirit   .     (helmet unavailable)
rElec  .         Reflect  +     (cloak unavailable)
rCorr  +         Harm     .     (gloves unavailable)
MR     .....                    (boots unavailable)
Stlth  ++........               b - +3 amulet of reflection
                                g - ring of resist corrosion
                                (no ring)

@: brilliant, quick
A: no armour, no weapons or thrown items, stealth, claws 1, fangs 3, see
invisible, carnivore 3, speed 1, shaggy fur 1, slow metabolism 1, sharp paws
a: Depart the Abyss, Renounce Religion


You were on level 2 of the Dungeon.
You worshipped Lugonu.
Lugonu was aware of your devotion.
You were completely stuffed.

You visited 1 branch of the dungeon, and saw 2 of its levels.
You visited the Abyss 1 time.

You collected 62 gold pieces.

Inventory:

Jewellery
 b - a +3 amulet of reflection (around neck)
 g - a ring of resist corrosion (right paw)
Wands
 f - a wand of flame (36/48)
Scrolls
 c - a scroll of enchant weapon {unknown}
 d - a scroll of remove curse
Potions
 h - a potion of cancellation
Books
 e - a book of Changes

   Spells                             Type                      Level
   a - Beastly Appendage              Transmutation                1
   b - Sticks to Snakes               Transmutation                2
   c - Spider Form                    Transmutation/Poison         3
   d - Ice Form                       Ice/Transmutation            4
   e - Blade Hands                    Transmutation                5
Comestibles
 a - a meat ration
 j - a chunk of flesh


   Skills:
 + Level 3.5 Fighting
 + Level 3.3 Dodging
 + Level 1.5 Stealth
 * Level 2.4 Unarmed Combat
 + Level 2.1 Invocations


You had 2 spell levels left.
You didn't know any spells.

Dungeon Overview and Level Annotations

Branches:
Dungeon (2/15)

Altars:


Innate Abilities, Weirdness & Mutations

You cannot wear armour.
You are incapable of wielding weapons or throwing items.
Your paws allow you to move quietly. (Stealth)
You have sharp claws.
You have razor-sharp teeth.
You have supernaturally acute eyesight. (SInv)
You are carnivorous and can eat meat at any time.
You cover ground quickly.
You are covered in fur. (AC +1)
You have a slow metabolism.
Your sharp claws are effective at attacking unaware monsters.


Message History

The dart slug launches a dart at you. The slug dart hits you!
* * * LOW HITPOINT WARNING * * *
Found a buckler.
You scratch the dart slug but do no damage.
You bite the dart slug.
The dart slug is lightly wounded.
You block the dart slug's attack.
You scratch the dart slug.
The dart slug is moderately wounded.
The dart slug bites you but does no damage.
It was a potion of cancellation.
You feel magically purged. The quokka barely misses you.
It was a potion of brilliance.
You feel clever all of a sudden. The quokka barely misses you.
You block the dart slug's attack.
You scratch the dart slug.
The dart slug is almost dead.
The quokka bites you.
You die...

#..# #..#
########..### .
..........#..
≈≈
#########.#.#
.≈≈ #.#.# ≈≈≈≈
#####.#.##.≈≈≈.
#..[.........[#
#....!.@.....#
#......rw..###
#..........#
#......$.....
#.$........###
############


You could see a dart slug and a quokka.

Vanquished Creatures
  An adder (D:2)
  A dart slug (D:2)
  5 giant cockroaches
  4 goblins
  2 hobgoblins
  A ball python (D:1)
  2 bats
  3 frilled lizards
  5 kobolds
  A rat (D:1)
25 creatures vanquished.

Vanquished Creatures (others)
  A bat (D:1)
1 creature vanquished.

Grand Total: 26 creatures vanquished

Notes
Turn   | Place    | Note
-------+----------+-------------------------------------------
     0 | Abyss:1  | AlphabetPasta the Felid Abyssal Knight began the quest for the Orb.
     0 | Abyss:1  | Reached XP level 1. HP: 10/10 MP: 3/3
    56 | Abyss:1  | Noticed a large abomination
    91 | Abyss:2  | Noticed a red draconian shifter
    92 | D:1      | Escaped the Abyss
   179 | D:1      | Reached skill level 1 in Stealth
   222 | D:1      | Reached * piety under Lugonu
   299 | D:1      | Reached XP level 2. HP: 13/14 MP: 4/4
  1074 | D:2      | Reached XP level 3. HP: 17/17 MP: 5/5
  1295 | D:2      | Slain by a quokka

Vault maps used:
D:1:      elethiomel_arrival_infinity_welcomes_careful_drivers,
          nrook_mini_backslash, minmay_misc_feat_cross
D:2:      kennysheep_slug_shrine, lemuel_coloured_pillars_altar, first_bread
Abyss:2:  due_exit_kobolds

Skill      XL: |  1  2 |
---------------+-------+-----
Stealth        | 1 |  1.5
Invocations    | 2 |  2.1
Fighting       | |  3.5
Dodging        | |  3.3
Unarmed Combat | |  2.4

Action                   || total
-------------------------++-------
Melee: Unarmed           ||    84
       Bite              ||     9
       Punch             ||     1
Invok: Depart the Abyss  ||     1
  Use: Scroll            ||     5
       Potion            ||     2
 Stab: Sleeping          ||     9
  Eat: Chunk             ||     8
Armor: Skin              ||     8
Dodge: Dodged            ||    58
Block: Other             ||     8
       Reflection        ||     1
